 Dungeon Crawl Stone Soup version 0.30-a0-1016-gfb0d676c02 (webtiles) character file.

Game seed: 495650112221634383

3334 jtron the Slasher (level 9, -9/68 HPs)
             Began as a Demonspawn Wanderer on Apr 6, 2023.
             Was a Follower of Makhleb.
             Mangled by a two-headed ogre
             ... wielding a +0 giant spiked club
              (14 damage)
             ... on level 8 of the Dungeon.
             The game lasted 00:21:20 (6417 turns).

jtron the Slasher (Demonspawn Wanderer)             Turns: 6417, Time: 00:21:21

Health: -9/68      AC:  7    Str: 10    XL:     9   Next: 72%
Magic:  15/15      EV: 14    Int: 18    God:    Makhleb [*.....]
Gold:   178        SH:  0    Dex: 21    Spells: 13/16 levels left

rFire   + + +      SeeInvis .    a - +4 great sword (freeze)
rCold   + . .      Faith    .    (shield currently unavailable)
rNeg    + . .      Spirit   .    G - +3 leather armour {rF+}
rPois   .          Reflect  .    (no helmet)
rElec   .          Rampage  .    K - +0 cloak of Tempters {rF+}
rCorr   +                        (no gloves)
Will    .....                    (no boots)
Stlth   +++                      m - amulet of regeneration
HPRegen 1.11/turn                g - +4 ring of slaying
MPRegen 0.28/turn                p - ring "Hamu" {Contam rF+ rN+ rCorr Dex+6}

@: unable to read
A: claws 2, magic regeneration, sturdy frame 1, demonic magic 1, cold resistance
1, inability to read after injury 1
a: Renounce Religion


You were on level 8 of the Dungeon.
You worshipped Makhleb.
Makhleb was aware of your devotion.
You visited 2 branches of the dungeon, and saw 9 of its levels.
You also visited: Sewer.

You collected 415 gold pieces.
You spent 237 gold pieces at shops.

Inventory:

Hand Weapons
 a - a +4 great sword of freezing (weapon)
 b - a +0 shortbow
 y - the +5 dagger "Zudghir" {protect, Str-2 Dex+5 SInv}
   (You found it on level 4 of the Dungeon)

   Str:       It affects your strength (-2).
   Dex:       It affects your dexterity (+5).
   SInv:      It lets you see invisible.
 H - a +0 sling
 I - a +3 falchion
Missiles
 c - 22 stones
 l - 2 boomerangs
 D - 2 throwing nets
 O - 3 poisoned darts
Armour
 G - a +3 leather armour of fire resistance (worn)
 K - the +0 cloak of Tempters (worn) {rF+}
   (You bought it in a shop on level 6 of the Dungeon)

   rF:        It protects you from fire.
Magical Staves
 M - a staff of poison
Jewellery
 g - a +4 ring of slaying (left claw)
 i - an amulet of magic regeneration
 m - an amulet of regeneration (around neck)
 p - the ring "Hamu" (right claw) {Contam rF+ rN+ rCorr Dex+6}
   (You found it on level 2 of the Dungeon)

   [ring of dexterity]

   Dex:       It affects your dexterity (+6).
   rF:        It protects you from fire.
   rN:        It protects you from negative energy.
   Contam:    It causes magical contamination when unequipped.
   rCorr:     It protects you from acid and corrosion.
 t - an amulet of the acrobat
Wands
 f - a wand of mindburst (15) (quivered)
 J - a wand of digging (8)
 L - a wand of roots (10)
Scrolls
 d - 5 scrolls of fear
 h - 3 scrolls of immolation
 j - 3 scrolls of identify
 o - 2 scrolls of fog
 r - a scroll of torment {unknown}
 s - a scroll of blinking {unknown}
 u - 2 scrolls of amnesia {unknown}
 v - 2 scrolls of poison {unknown}
 A - a scroll of vulnerability {unknown}
 B - 2 scrolls of teleportation
 E - a scroll of enchant weapon {unknown}
 F - a scroll of enchant armour
 N - a scroll of magic mapping
Potions
 e - a potion of lignification {unknown}
 k - 2 potions of mutation
 n - 4 potions of heal wounds {unknown}
 q - 2 potions of attraction
 w - a potion of degeneration {unknown}
 x - 2 potions of haste
 z - 3 potions of flight
 C - 2 potions of brilliance {unknown}


   Skills:
 + Level 5.3 Fighting
 + Level 1.9(4.5) Short Blades
 + Level 6.4(6.6) Long Blades
 + Level 1.3 Ranged Weapons
 - Level 3.1 Throwing
 - Level 4.0 Dodging
 - Level 4.0 Stealth
 * Level 4.1 Spellcasting
 * Level 4.6 Summonings
 * Level 4.0 Invocations
 - Level 5.0 Evocations


You had 13 spell levels left.
You knew the following spells:

 Your Spells              Type           Power      Damage    Failure   Level
a - Call Canine Familiar  Summ           20%        N/A       7%          3

Your spell library contained the following spells:

 Spells                   Type           Power      Damage    Failure   Level
 Kiss of Death            Conj/Necr      12%        2d6       16%         1
 Summon Guardian Golem    Hex/Summ       12%        N/A       19%         3
 Ensorcelled Hibernation  Hex/Ice        6%         N/A       24%         2
 Confusing Touch          Hex            3%         N/A       43%         3
 Portal Projectile        Hex/Tloc       6%         N/A       43%         3
 Spider Form              Tmut/Pois      3%         N/A       43%         3
 Tukima's Dance           Hex            3%         N/A       43%         3
 Anguish                  Hex/Necr       1%         N/A       83%         4
 Dispel Undead            Necr           3%         3d7       83%         4
 Leda's Liquefaction      Hex/Erth       1%         N/A       83%         4
 Blade Hands              Tmut           1%         N/A       99%         5
 Orb of Destruction       Conj           1%         9d5       100%        7
 Spellforged Servitor     Conj/Summ      6%         N/A       100%        7


Dungeon Overview and Level Annotations

Branches:
Dungeon (8/15)             Temple (1/1) D:5           Sewer (visited)
   Lair: D:8-11

Altars:
Ashenzari
Cheibriados
Dithmenos
Fedhas
Gozag
Kikubaaqudgha
Makhleb
Nemelex Xobeh
Okawaru
Qazlal
Ru
Sif Muna
Uskayaw
Xom
Yredelemnul

Shops:
D:1 ?   D:6 *:[(

Annotations:
D:4 2 transporters, Zvl3's ghost, novice SpHu


Innate Abilities, Weirdness & Mutations

You have very sharp fingernails.
You regenerate magic rapidly.
Your movements are slightly less encumbered by armour. (ER -2)
Spells you cast may paralyse adjacent enemies.
Your flesh is cold resistant. (rC+)
You occasionally lose the ability to read scrolls when taking damage.


Message History

You slash the bullfrog! You freeze the bullfrog.
The bullfrog is heavily wounded.
The bullfrog barely misses you. The bullfrog completely misses you.
You slash the bullfrog! You freeze the bullfrog.
The bullfrog is almost dead.
The bullfrog closely misses you. The bullfrog misses you.
You slice the bullfrog!!
The bullfrog seems to slow down.
You freeze the bullfrog.
You kill the bullfrog!
Makhleb accepts your kill. The two-headed ogre barely misses you.
The two-headed ogre hits you with a +0 dire flail!
Your Invocations skill increases to level 4!
A killer bee comes into view.
The killer bee buzzes angrily.
You hit the two-headed ogre. You freeze the two-headed ogre.
The two-headed ogre is lightly wounded.
You hear an angry buzzing noise.
The two-headed ogre hits you with a +0 giant spiked club!
The two-headed ogre misses you.
You slash the two-headed ogre! You freeze the two-headed ogre.
The two-headed ogre is moderately wounded.
The two-headed ogre hits you with a +0 giant spiked club!!
The two-headed ogre barely misses you.
You slice the two-headed ogre!! You freeze the two-headed ogre.
The two-headed ogre is severely wounded.
The two-headed ogre completely misses you.
The two-headed ogre hits you with a +0 dire flail.
You hit the two-headed ogre. You freeze the two-headed ogre.
The two-headed ogre is severely wounded.
The two-headed ogre hits you with a +0 giant spiked club!!
* * * LOW HITPOINT WARNING * * *
The two-headed ogre hits you with a +0 dire flail!
* * * LOW HITPOINT WARNING * * *
It was a potion of mutation.
You feel extremely strange.
You occasionally lose the ability to read scrolls when taking damage.
You feel resistant to cold.
The two-headed ogre hits you with a +0 giant spiked club!
You feel threatened and lose the ability to read scrolls!
You die...

.... .... .
..... ..
... ...#
...
.....####^#
#......#
#..<#####
#.#..@OF#
#.
#####y...#
# ......#
......#
.......
.......
.......
.......


You could see a two-headed ogre, a bullfrog and a killer bee.

Vanquished Creatures
  Pikel (D:6)
  Prince Ribbit (D:6)
  Grinder (D:3)
  Sigmund (D:6)
  Eustachio (D:6)
  Pargi (Sewer)
  2 black bears
  A sky beast (D:7)
  A centaur (D:6)
  3 ogres
  2 phantoms
  A bullfrog (D:8)
  A scorpion (D:7)
  3 wights (D:6)
  2 jellies (D:6)
  5 hounds
  4 gnoll boudas
  3 sleepcaps
  6 iguanas
  3 orc wizards (D:7)
  19 gnolls
  10 adders
  An ufetubus (D:7)
  3 worms
  3 dart slugs
  21 orcs
  5 ball pythons
  4 endoplasms
  6 giant cockroaches
  7 goblins
  9 hobgoblins
  4 jackals (D:1)
  3 quokkas
  8 bats
  4 frilled lizards
  9 kobolds
  13 rats
  A spectral hobgoblin (D:3)
173 creatures vanquished.

Vanquished Creatures (others)
  A goblin (D:2)
1 creature vanquished.

Grand Total: 174 creatures vanquished

Notes
Turn   | Place    | Note
-------+----------+-------------------------------------------
     0 | D:1      | jtron the Demonspawn Wanderer began the quest for the Orb.
     0 | D:1      | jtron set off with the following items: a +0 dagger, a
                  | scroll of fog, a potion of curing, a scroll of fear, a +0
                  | robe, a wand of mindburst (9).
     0 | D:1      | Reached XP level 1. HP: 16/16 MP: 1/1
   204 | D:1      | Gained mutation: Spells you cast may paralyse adjacent
                  | enemies. [demonic ancestry]
   204 | D:1      | Reached XP level 2. HP: 12/22 MP: 2/2
   560 | D:1      | Reached skill level 1 in Short Blades
   876 | D:1      | Found Geso's Magic Scroll Shoppe.
   947 | D:1      | Reached XP level 3. HP: 28/28 MP: 3/3
  1227 | D:1      | You fall into a shaft and drop 1 floor!
  1320 | D:2      | Identified the ring "Hamu" {Contam rF+ rN+ rCorr Dex+6}
  1587 | D:2      | Gained mutation: You have sharp fingernails. [demonic
                  | ancestry]
  1587 | D:2      | Reached XP level 4. HP: 34/34 MP: 4/4
  2091 | D:3      | Found a faded altar of an unknown god.
  2337 | D:3      | Noticed Grinder
  2357 | D:3      | Paralysed by Grinder for 2 turns
  2362 | D:3      | Killed Grinder
  2363 | D:3      | Reached skill level 2 in Long Blades
  2363 | D:3      | Gained mutation: You have very sharp fingernails. [demonic
                  | ancestry]
  2363 | D:3      | Reached XP level 5. HP: 29/41 MP: 5/5
  2363 | D:3      | Gained mutation: You regenerate magic rapidly. [demonic
                  | ancestry]
  2363 | D:3      | Reached XP level 6. HP: 33/47 MP: 6/6
  2626 | D:4      | Found a glowing drain.
  2783 | Sewer    | Entered a sewer
  2852 | Sewer    | Noticed Pargi
  2867 | Sewer    | Killed Pargi
  3015 | D:4      | Found a transporter.
  3022 | D:4      | Found a transporter.
  3205 | D:4      | Reached skill level 1 in Throwing
  3321 | D:4      | Identified the +5 dagger "Zudghir" {protect, Str-2 Dex+5
                  | SInv}
  3430 | D:4      | Noticed Zvl3's ghost (novice SpHu)
  3449 | D:4      | Reached XP level 7. HP: 52/52 MP: 7/7
  3467 | D:4      | Learned a level 3 spell: Call Canine Familiar
  3487 | D:4      | Reached skill level 3 in Long Blades
  3506 | D:4      | Reached skill level 1 in Summonings
  3594 | D:4      | Reached skill level 1 in Spellcasting
  3644 | D:5      | Entered Level 5 of the Dungeon
  3736 | D:5      | Found the +8 trident of the Octopus King {venom, rElec
                  | rPois}
  3983 | D:5      | Found a staircase to the Ecumenical Temple.
  3992 | D:5      | Gained mutation: Your movements are slightly less
                  | encumbered by armour. (ER -2) [demonic ancestry]
  3992 | D:5      | Reached XP level 8. HP: 54/60 MP: 10/10
  4049 | Temple   | Entered the Ecumenical Temple
  4226 | Temple   | Became a worshipper of Makhleb the Destroyer
  4290 | D:5      | Reached skill level 4 in Long Blades
  4659 | D:6      | Noticed Sigmund
  4700 | D:6      | Noticed Eustachio
  4706 | D:6      | Killed Eustachio
  4773 | D:6      | Noticed Prince Ribbit
  4778 | D:6      | Killed Prince Ribbit
  4838 | D:6      | Reached skill level 1 in Ranged Weapons
  4898 | D:6      | Reached skill level 5 in Long Blades
  4901 | D:6      | Reached skill level 1 in Invocations
  4947 | D:6      | Found Asuamu's General Store.
  4975 | D:6      | Found Jatwogil's Book Boutique.
  4985 | D:6      | Noticed Pikel
  4992 | D:6      | Killed Pikel
  4993 | D:6      | Reached XP level 9. HP: 66/66 MP: 12/14
  5136 | D:6      | Found Pehub's Weapon Boutique.
  5223 | D:6      | Reached * piety under Makhleb
  5323 | D:6      | Killed Sigmund
  5324 | D:6      | Reached skill level 5 in Fighting
  5389 | D:6      | Found Yrphetu's Antique Armour Emporium.
  5392 | D:6      | Bought a warped cloak for 237 gold pieces
  5392 | D:6      | Identified the +0 cloak of Tempters {rF+} (You bought it in
                  | a shop on level 6 of the Dungeon)
  5435 | D:6      | Found a sacrificial altar of Ru.
  5727 | D:7      | Reached skill level 6 in Long Blades
  6407 | D:8      | Noticed a two-headed ogre
  6417 | D:8      | Gained mutation: You occasionally lose the ability to read
                  | scrolls when taking damage. [potion of mutation]
  6417 | D:8      | Gained mutation: Your flesh is cold resistant. (rC+)
                  | [potion of mutation]
  6417 | D:8      | Mangled by a two-headed ogre

Illustrated notes

Levels and vault maps discovered:
D:1:      tarquinn_simple_flora_water_a, layout_basic, serial_shops, shop,
          grunt_decor_one_mirror, minmay_hexomino_f4
D:2:      layout_rooms, lemuel_flame_loot_1
D:3:      layout_loops_ring, dreamdust_ecumenical_altar_drowned_temple,
          uniq_grinder
D:4:      layout_basic, gup_sewer_entry_glass, gammafunk_ghost_stat_death
D:5:      layout_basic, minmay_temple_entry_statues_pillars
D:6:      layout_basic, nicolae_ru_the_path_less_chosen, serial_shops,
          nicolae_shop_bloodbath_and_beyond, shop, kennysheep_mini_moat,
          nicolae_square_shop, uniq_prince_ribbit1, uniq_sigmund,
          uniq_eustachio, uniq_pikel
D:7:      layout_basic
D:8:      layout_rooms, mainiacjoe_overflow_catwalk
Temple:   minmay_crystal_spiral_temple

Skill      XL: |  1  2  3  4  5  6  7  8  9 |
---------------+----------------------------+-----
Stealth        | 2 3 4 |  4.0
Short Blades   | 1 |  1.9
Dodging        | 2 3 4 |  4.0
Fighting       | 3 4 5 |  5.3
Long Blades    | 2 3 5 6 |  6.4
Throwing       | 1 2 3 |  3.1
Summonings     | 2 4 |  4.6
Spellcasting   | 1 3 4 |  4.1
Ranged Weapons | 1 |  1.3
Invocations    | 2 4 |  4.0
Evocations     | |  5.0

Action                     |  1- 3 |  4- 6 |  7- 9 || total
---------------------------+-------+-------+-------++-------
  Melee: Dagger            |   165 |    35 |       ||   200
         Punch             |     3 |     1 |     1 ||     5
         Falchion          |       |    99 |   128 ||   227
         Great sword       |       |       |    51 ||    51
   Fire: Sling             |     9 |       |       ||     9
         Shortbow          |       |       |     4 ||     4
  Throw: Stone             |     4 |     9 |       ||    13
         Boomerang         |       |    21 |    23 ||    44
   Cast: Call Canine Famil |       |       |     2 ||     2
  Evoke: Wand              |     1 |       |    12 ||    13
    Use: Potion            |     1 |     7 |     2 ||    10
         Scroll            |     1 |     7 |     1 ||     9
   Stab: Sleeping          |     7 |    11 |     8 ||    26
         Invisible         |       |     1 |       ||     1
 Armour: Robe              |    46 |    29 |    18 ||    93
         Leather armour    |       |       |    28 ||    28
  Dodge: Dodged            |    97 |    91 |   132 ||   320

Table legend: (Time is in decaauts)
 A = Elapsed time spent in this place.
 B = Non-inter-level travel time spent in this place.
 C = Inter-level travel time spent in this place.
 D = Time resting spent in this place.
 E = Time spent auto-exploring this place.
 F = Levels seen in this place.
 G = Mean time per level.
                   A        B        C        D        E       F      G
               +--------+--------+--------+--------+--------+-----+--------+
         Total |   6464 |   6213 |    251 |    124 |   4404 |  10 |  646.4 |
       Dungeon |   6042 |   5878 |    164 |     98 |   4193 |   8 |  755.2 |
        Temple |    215 |    128 |     87 |      0 |    111 |   1 |  215.0 |
         Sewer |    205 |    205 |      0 |     26 |    100 |   1 |  205.0 |
               +--------+--------+--------+--------+--------+-----+--------+

Top non-repeatable levels by time:
     D:1: 1222 daAuts
     D:6: 1101 daAuts
     D:4: 906 daAuts
     D:5: 737 daAuts
     D:7: 696 daAuts
     D:2: 693 daAuts
     D:3: 671 daAuts
  Temple: 215 daAuts
   Sewer: 205 daAuts
     D:8: 14 daAuts
